 Dungeon Crawl Stone Soup version 0.20-a0-791-gf6451d4 (webtiles) character file.

141 Amciq the Chucker (level 5, 0/50 HPs)
             Began as a Troll Hunter on Mar 1, 2017.
             Slain by an orc wizard
             ... wielding a +0 dagger
              (2 damage)
             ... on level 2 of the Dungeon.
             The game lasted 00:03:48 (1714 turns).

Amciq the Chucker (Troll Hunter)                    Turns: 1714, Time: 00:03:48

Health: 0/50       AC:  5    Str: 20    XL:     5   Next: 3%
Magic:  4/4        EV: 10    Int:  7    God:
Gold:   138        SH:  0    Dex: 11    Spells: 4/4 levels left

rFire    . . .     SeeInvis .   a - +0 short sword
rCold    . . .     Gourm    +   b - +0 robe
rNeg     + . .     Faith    .   (no shield)
rPois    .         Spirit   .   (helmet restricted)
rElec    .         Reflect  .   (no cloak)
rCorr    .         Harm     .   (gloves unavailable)
MR       .....                  (boots unavailable)
Stlth    +.........             (no amulet)
Regen    0.6/turn               (no ring)
MPRegen  0.1/turn               k - ring of positive energy

@: no status effects
A: unfitting armour, claws 3, fast metabolism 3, gourmand, regeneration 1,
shaggy fur 1, tough skin 2
a: no special abilities


You were on level 2 of the Dungeon.
You were very full.

You visited 1 branch of the dungeon, and saw 2 of its levels.

You collected 138 gold pieces.

Inventory:

Hand Weapons
 a - a +0 short sword (weapon)
Missiles
 c - 5 large rocks (quivered)
 d - 2 throwing nets
Armour
 b - a +0 robe (worn)
Jewellery
 k - a ring of positive energy (left claw)
Scrolls
 e - 3 scrolls of teleportation
 g - 2 scrolls of recharging {unknown}
 h - 3 scrolls of identify {unknown}
 i - a scroll of noise {unknown}
 m - 4 scrolls of enchant weapon {unknown}
Potions
 j - a potion of curing {unknown}
 l - a potion of cancellation
 n - a potion of brilliance {unknown}
Comestibles
 f - 4 bread rations


   Skills:
 + Level 2.5 Fighting
 + Level 4.5 Throwing
 + Level 2.7 Dodging
 - Level 0.3 Stealth


You had 4 spell levels left.
You didn't know any spells.

Dungeon Overview and Level Annotations

Branches:
Dungeon (2/15)

Altars:


Innate Abilities, Weirdness & Mutations

You are too large for most types of armour.
You have claws for hands.
Your metabolism is lightning-fast.
You like to eat raw meat.
Your natural rate of healing is unusually fast.
You are covered in fur. (AC +1)
You have very tough skin. (AC +2)


Message History

* * * LOW HITPOINT WARNING * * *
You barely miss the orc wizard.
The orc wizard is heavily wounded.
The orc wizard hits you with a dagger.
* * * LOW HITPOINT WARNING * * *
The orc wizard hits you but does no damage.
You hit the orc wizard but do no damage.
The orc wizard is heavily wounded.
The orc wizard points at you and mumbles some strange words.
The magic dart hits you!
* * * LOW HITPOINT WARNING * * *
You hit the orc wizard.
The orc wizard is severely wounded.
The orc wizard closely misses you. The orc wizard barely misses you.
You closely miss the orc wizard.
The orc wizard is severely wounded.
The orc wizard hits you with a dagger.
* * * LOW HITPOINT WARNING * * *
The orc wizard hits you with a dagger.
You die...

##.#########..........##.#.## #.
...# #..###.....#.###.####.
#<.#########....÷......## ##...#.
#.............#......##.###.##.#.
##.#####...........#.###.#.....#.
#........###....###.# ##.#.####.
#######.## ####)# #.####.#.# #.
### #o# #......#.# #. #@#
######.#.# #. #.# #.#.####.
#.########........
#.##......†÷.##..#
#.##.#####.####.##
#.##.#...†.......# ###
#.##.#.....####.## ##.##
#.##.......# #..# ###..(##
#..........# #.#.


You could see an orc wizard.

Vanquished Creatures
  An orc wizard (D:2)
  6 adders (D:2)
  An ooze (D:2)
  4 dart slugs
  3 orcs (D:2)
  8 bats
  A giant cockroach (D:1)
  6 hobgoblins (D:1)
  4 jackals (D:2)
  3 kobolds
  3 frilled lizards
  3 goblins (D:2)
  9 rats
52 creatures vanquished.

Notes
Turn   | Place    | Note
-------+----------+-------------------------------------------
     0 | D:1      | Amciq the Troll Hunter began the quest for the Orb.
     0 | D:1      | Reached XP level 1. HP: 19/19 MP: 0/0
   270 | D:1      | Reached XP level 2. HP: 28/28 MP: 1/1
   420 | D:1      | Reached skill level 4 in Throwing
   836 | D:2      | Reached XP level 3. HP: 35/35 MP: 2/2
  1049 | D:2      | HP: 1/35 [poisoned by an adder]
  1050 | D:2      | Reached XP level 4. HP: 1/42 MP: 3/3
  1054 | D:2      | HP: 1/63 [poisoned by an adder]
  1059 | D:2      | HP: 1/42 [poisoned by an adder]
  1698 | D:2      | Reached XP level 5. HP: 29/50 MP: 4/4
  1714 | D:2      | HP: 2/50 [orc wizard/dagger (4)]
  1714 | D:2      | Slain by an orc wizard

Vault maps used:
D:1:      minmay_arrival_wavy_path, minmay_liquid_box, minmay_small_reverse_x

Skill      XL: |  1  2  3 |
---------------+----------+-----
Throwing       | 4 |  4.5
Dodging        | 2 |  2.7
Fighting       | 2 |  2.5
Stealth        | |  0.3

Action                   |  1- 3 |  4- 6 || total
-------------------------+-------+-------++-------
Melee: Short sword       |   155 |   112 ||   267
  Use: Scroll            |     1 |       ||     1
       Potion            |       |     4 ||     4
  Eat: Chunk             |    15 |     6 ||    21
Armor: Robe              |    79 |    46 ||   125
Dodge: Dodged            |   101 |    53 ||   154
